 Dungeon Crawl Stone Soup version 0.27.1-1-g398f81649c (webtiles) character file.

Game seed: 11771527789652018301

410 101zpm the Covered (level 6, 0/39 HPs)
             Began as a Gargoyle Fighter on Sept 15, 2021.
             Was an Initiate of Qazlal.
             Killed by nerve-wracking pain
             ... invoked by an orc priest
              (5 damage)
             ... on level 5 of the Dungeon.
             The game lasted 00:08:21 (4268 turns).

101zpm the Covered (Gargoyle Fighter)               Turns: 4268, Time: 00:08:22

Health: 0/39       AC: 12    Str: 21    XL:     6   Next: 89%
Magic:  6/6        EV:  7    Int:  9    God:    Qazlal [......]
Gold:   305        SH:  0    Dex:  9    Spells: 5/5 levels left

rFire    . . .     SeeInvis .   j - +2 mace (drain)
rCold    . . .     Faith    .   c - +0 kite shield
rNeg     + . .     Spirit   .   b - +0 scale mail
rPois    ∞         Reflect  .   (no helmet)
rElec    +         Harm     .   (no cloak)
rCorr    .         Rampage  .   m - +0 pair of gloves
Will     .....                  (no boots)
Stlth    ..........             (no amulet)
HPRegen  0.13/turn              (no ring)
MPRegen  0.10/turn              (no ring)

@: confused
A: sickness immunity, AC +4, negative energy resistance 1, electricity
resistance, torment resistance 1, petrification resistance
a: Renounce Religion


You were on level 5 of the Dungeon.
You worshipped Qazlal.
Qazlal was noncommittal.
You visited 2 branches of the dungeon, and saw 6 of its levels.

You collected 305 gold pieces.

Inventory:

Hand Weapons
 a - a +0 flail
 j - a +2 mace of draining (weapon)
Missiles
 g - 32 stones (quivered)
 s - 30 sling bullets
 t - 11 boomerangs
Armour
 b - a +0 scale mail (worn)
 c - a +0 kite shield (worn)
 m - a +0 pair of gloves (worn)
Wands
 x - a wand of polymorph (11)
Scrolls
 e - 2 scrolls of magic mapping {unknown}
 f - a scroll of amnesia {unknown}
 i - a scroll of vulnerability {unknown}
 k - 5 scrolls of teleportation {unknown}
 n - a scroll of enchant weapon {unknown}
 p - a scroll of brand weapon {unknown}
 u - a scroll of identify {unknown}
 v - a scroll of fog {unknown}
 y - 2 scrolls of immolation {unknown}
 A - a scroll of acquirement {unknown}
 B - a scroll of blinking {unknown}
Potions
 d - 2 potions of might
 h - 2 potions of flight {unknown}
 l - 2 potions of degeneration {unknown}
 o - a potion of invisibility {unknown}
 q - a potion of curing {unknown}
 r - a potion of brilliance {unknown}
 w - a potion of attraction {unknown}
 z - a potion of haste {unknown}


   Skills:
 + Level 4.3 Fighting
 + Level 4.6 Maces & Flails
 + Level 0.9 Throwing
 + Level 4.8 Armour
 + Level 0.5 Dodging
 + Level 0.1 Stealth
 + Level 4.4 Shields


You had 5 spell levels left.
You didn't know any spells.
Your spell library contained the following spells:

 Spells                   Type           Power      Damage    Failure   Level
 Ensorcelled Hibernation  Hex/Ice        0%         N/A       99%         2
 Spider Form              Tmut/Pois      0%         N/A       100%        3
 Animate Dead             Necr           0%         N/A       100%        4
 Borgnjor's Vile Clutch   Necr/Erth      0%         N/A       100%        5
 Death Channel            Necr           0%         N/A       100%        6
 Shadow Creatures         Summ           N/A        N/A       100%        6


Dungeon Overview and Level Annotations

Branches:
Dungeon (5/15)             Temple (1/1) D:4

Altars:
Ashenzari
Dithmenos
Elyvilon
Fedhas
Gozag
Hepliaklqana
Kikubaaqudgha
Nemelex Xobeh
Okawaru
Qazlal
Ru
Sif Muna
Trog
Wu Jian
Yredelemnul
Zin
The Shining One

Shops:
D:3 (!*:


Innate Abilities, Weirdness & Mutations

You are immune to sickness and miasma.
Your stone body is resilient. (AC +4)
You are immune to poison.
You resist negative energy. (rN+)
You are resistant to electric shocks. (rElec)
You are resistant to unholy torment.
You are immune to petrification.


Message History

You sock the orc priest! You drain the orc priest.
The orc priest is almost dead.
The ogre hits you with a +0 giant club. Something hits you but does no damage.
The orc priest calls down the wrath of Beogh upon you.
Beogh smites you!
You are too injured to fight recklessly!
You are too injured to fight recklessly!
You are too injured to fight recklessly!
You are too injured to fight recklessly!
You are too injured to fight recklessly!
You are too injured to fight recklessly!
You are too injured to fight recklessly!
You are too injured to fight recklessly!
You are too injured to fight recklessly!
You are too injured to fight recklessly!
You are too injured to fight recklessly!
You are too injured to fight recklessly!
You are too injured to fight recklessly!
You are too injured to fight recklessly!
You are too injured to fight recklessly!
You are too injured to fight recklessly!
You are too injured to fight recklessly!
You are too injured to fight recklessly!
An adder zombie comes into view.
The ogre barely misses you.
You hit the ogre. You drain the ogre.
The ogre is lightly wounded.
The orc priest looks encouraged for a moment.
You block the ogre's attack.
You barely miss the ogre.
The ogre is lightly wounded.
Something hits you but does no damage. The ogre hits you with a +0 giant club!
* * * LOW HITPOINT WARNING * * *
You hear some strange, mumbled words.
You are confused.
You bump into the rock wall.
You bump into the rock wall.
Something hits you but does no damage.
The orc priest invokes the aid of Beogh against you.
Pain shoots through your body!
You die...

.##...# #.#....#
##.# #.. #
##..###..###..#...#
#.#
##..#....###.....#
#..
#........###....#
#..
.......###.......#
#.. .......
##......# #..
....... #.....###
#.. .......
####....# #..
....... #@...# #..
.... #...#.o.# #..
....#####..# #.. ..
##O# ##. #Zo# #..
#.o# . #.. ##.#
..###.. ... .......
... .......


You could see an ogre (drained), an orc priest (drained) and an orc.

Vanquished Creatures
  A black bear (D:5)
  3 orc wizards (D:5)
  An iguana (D:5)
  3 gnolls (D:3)
  6 adders
  A howler monkey skeleton (D:5)
  4 dart slugs
  17 orcs
  7 ball pythons
  7 endoplasms
  5 giant cockroaches
  9 goblins
  8 hobgoblins
  5 jackals
  3 kobolds (D:1)
  6 quokkas
  5 bats
  8 frilled lizards
  3 rats
102 creatures vanquished.

Notes
Turn   | Place    | Note
-------+----------+-------------------------------------------
     0 | D:1      | 101zpm the Gargoyle Fighter began the quest for the Orb.
     0 | D:1      | Reached XP level 1. HP: 14/14 MP: 1/1
   127 | D:1      | Reached XP level 2. HP: 13/19 MP: 2/2
   592 | D:1      | Reached XP level 3. HP: 24/24 MP: 3/3
  1463 | D:3      | Reached XP level 4. HP: 24/29 MP: 4/4
  1606 | D:3      | Found Paluypin's Distillery.
  1619 | D:3      | Found Ystriej's Weapon Boutique.
  1994 | D:3      | Found Catoic's General Store.
  2181 | D:3      | Reached XP level 5. HP: 33/33 MP: 5/5
  2241 | D:3      | Found Kouvouceu's Book Shoppe.
  2747 | D:1      | Found a faded altar of an unknown god.
  3207 | D:4      | Found a glowing silver altar of Zin.
  3482 | D:4      | Found a staircase to the Ecumenical Temple.
  3498 | Temple   | Entered the Ecumenical Temple
  3557 | Temple   | Became a worshipper of Qazlal Stormbringer
  3617 | D:5      | Entered Level 5 of the Dungeon
  3664 | D:5      | Reached XP level 6. HP: 32/38 MP: 6/6
  3855 | D:5      | Found a bloodstained altar of Trog.
  3914 | D:5      | Noticed a black bear
  3924 | D:5      | Killed a black bear
  4268 | D:5      | Killed from afar by an orc priest

Illustrated notes

Levels and vault maps discovered:
D:1:      nzn_arrival_depleted_hourglass, layout_basic, serial_glass,
          glass_columns_c, glass_columns_c, glass_columns_b, glass_columns_b,
          glass_columns_a, glass_columns_b, glass_columns_b, glass_columns_c,
          ebering_ecumenical_altar_box, minivault_24, grunt_decor_fettered,
          minmay_lizard_pond
D:2:      layout_rooms
D:3:      layout_basic, serial_shops, shop, shop, shop, shop_statue,
          solitary_fountain
D:4:      layout_loops_ring, zin_scriptorium, minmay_temple_entry_glass
D:5:      layout_layer_cave, mainiacjoe_overflow_tiny_flanked,
          uniq_crazy_yiuf_cottage
Temple:   eino_wide_crystal_templ

Skill      XL: |  1  2  3  4  5 |
---------------+----------------+-----
Maces & Flails | 3 4 |  4.6
Shields        | 4 |  4.4
Armour         | 4 |  4.8
Fighting       | 4 |  4.3
Throwing       | |  0.9
Dodging        | |  0.5
Stealth        | |  0.1

Action                   |  1- 3 |  4- 6 || total
-------------------------+-------+-------++-------
Melee: Flail             |   135 |       ||   135
       Mace              |    13 |   155 ||   168
Throw: Stone             |       |     2 ||     2
Armor: Scale mail        |   100 |    97 ||   197
Dodge: Dodged            |    59 |    37 ||    96
Block: Kite shield       |    98 |    81 ||   179
